 Dungeon Crawl Stone Soup version 0.26-a0-710-g95a0c6c400 (webtiles) character file.

Game seed: 8888253966868824198

898 jiml777 the Magician (level 7, -5/36 HPs)
             Began as a Deep Elf Air Elementalist on Oct 31, 2020.
             Was an Initiate of Sif Muna.
             Slain by Duvessa
             ... wielding a +0 short sword
              (8 damage)
             ... on level 5 of the Dungeon.
             The game lasted 00:33:55 (5505 turns).

jiml777 the Magician (Deep Elf Air Elementalist)    Turns: 5505, Time: 00:33:56

Health: -5/36      AC:  2    Str:  5    XL:     7   Next: 79%
Magic:  3/18       EV: 13    Int: 22    God:    Sif Muna [......]
Gold:   233        SH:  0    Dex: 15    Spells: 9/19 levels left

rFire    . . .     SeeInvis .   r - +1 dagger (chaos)
rCold    . . .     Faith    .   (no shield)
rNeg     + . .     Spirit   .   k - +0 robe
rPois    .         Reflect  .   (no helmet)
rElec    .         Harm     .   (no cloak)
rCorr    .         Rampage  .   (no gloves)
MR       .....                  (no boots)
Stlth    +++.......             (no amulet)
HPRegen  0.12/turn              i - ring of positive energy
MPRegen  0.16/turn              (no ring)

@: mighty, swift, very quick
A: no striking features
a: Renounce Religion


You were on level 5 of the Dungeon.
You worshipped Sif Muna.
Sif Muna was noncommittal.
You visited 2 branches of the dungeon, and saw 6 of its levels.

You collected 233 gold pieces.

Inventory:

Hand Weapons
 r - a +1 dagger of chaos (weapon)
Missiles
 f - 19 sling bullets
 l - 73 arrows
 n - 33 poisoned darts (quivered)
Armour
 a - a +0 robe
 k - a +0 robe (worn)
Jewellery
 c - an uncursed ring of ice
 i - a ring of positive energy (left hand)
Wands
 d - a wand of disintegration (16)
 s - a wand of polymorph (7)
Scrolls
 e - a scroll of immolation
 m - 2 scrolls of identify
 o - 4 scrolls of amnesia
 q - a scroll of teleportation
Potions
 b - 3 potions of cancellation
 g - a potion of berserk rage
 h - 2 potions of mutation
 j - 2 potions of lignification


   Skills:
 + Level 0.1 Fighting
 - Level 3.0 Dodging
 - Level 3.7 Stealth
 + Level 6.6 Spellcasting
 * Level 4.4 Conjurations
 + Level 6.3 Air Magic
 * Level 0.9 Invocations
 * Level 0.9 Evocations


You had 9 spell levels left.
You knew the following spells:

 Your Spells              Type           Power        Failure   Level
a - Shock                 Conj/Air       ####         1%          1
b - Swiftness             Air            #####...     1%          2
c - Static Discharge      Conj/Air       ####....     2%          3
d - Airstrike             Air            #####.....   6%          4

Your spell library contained the following spells:

 Spells                   Type           Power        Failure   Level
 Lightning Bolt           Conj/Air       ####......   26%         5


Dungeon Overview and Level Annotations

Branches:
Dungeon (5/15)             Temple (1/1) D:4

Altars:
Ashenzari
Cheibriados
Fedhas
Ru
Sif Muna
Uskayaw
Vehumet
Xom

Annotations:
D:5 Duvessa


Message History

Duvessa is moderately wounded.
Duvessa barely misses you. Duvessa closely misses you.
Casting: Airstrike (quite dangerous; 6% risk of failure)
Confirm with . or Enter, or press ? or * to list all spells.
Press: ? - help, Shift-Dir - straight line, p - Duvessa The zap misses Duvessa.
The zap hits Duvessa.
Duvessa is moderately wounded.
The zap misses the worker ant.
Duvessa hits you with a +0 short sword.
You feel very mighty all of a sudden. Duvessa barely misses you. x2
Casting: Shock (safe; 1% risk of failure)
Confirm with . or Enter, or press ? or * to list all spells.
You feel quick.
An orc comes into view. It is wielding a +0 whip.
Duvessa hits you with a +0 short sword!
* * * LOW HITPOINT WARNING * * *
You puncture Duvessa! You burn Duvessa.
Duvessa is severely wounded.
Duvessa hits you with a +0 short sword!
You die...

...#.....##
.........# #####....#
#...#...## #........#
######.#.# . #....#.#
.. #....#.#
#..#######@#.########
.......ZBe..........#
........###.........#
........##.....###..#
.....o...BZ##..###..#
........#####..###..#
........# ....#...#
......... .....#..##
......... ......_..#


You could see Duvessa (berserk), a worker ant, an orc and a hornet zombie.

Vanquished Creatures
  Eustachio (D:5)
  An ice beast (D:2)
  An ogre (D:4)
  Dowan (D:5)
  4 crimson imps (D:4)
  A bullfrog skeleton (D:4)
  An orc priest (D:3)
  An orc wizard (D:4)
  4 worker ants
  A howler monkey zombie (D:3)
  A worker ant zombie (D:5)
  A gnoll (D:1)
  5 adders
  3 oozes
  3 adder skeletons (D:4)
  2 worms (D:2)
  4 dart slugs (D:1)
  A leopard gecko (D:3)
  8 orcs
  6 giant cockroaches
  5 goblins
  11 hobgoblins
  9 jackals
  6 kobolds
  6 quokkas
  A ball python (D:2)
  13 bats
  5 frilled lizards
  5 rats
111 creatures vanquished.

Vanquished Creatures (others)
  22 plants (D:2)
22 creatures vanquished.

Grand Total: 133 creatures vanquished

Notes
Turn   | Place    | Note
-------+----------+-------------------------------------------
     0 | D:1      | jiml777 the Deep Elf Air Elementalist began the quest for
                  | the Orb.
     0 | D:1      | Reached XP level 1. HP: 10/10 MP: 6/6
   298 | D:1      | Reached XP level 2. HP: 15/15 MP: 5/8
   542 | D:1      | Reached XP level 3. HP: 19/19 MP: 7/9
   546 | D:1      | Learned a level 2 spell: Swiftness
   550 | D:1      | Learned a level 3 spell: Static Discharge
  1161 | D:2      | Noticed an ice beast
  1284 | D:2      | Reached XP level 4. HP: 24/24 MP: 1/11
  1366 | D:2      | Learned a level 4 spell: Airstrike
  2091 | D:2      | Killed an ice beast
  2091 | D:2      | Reached XP level 5. HP: 28/28 MP: 3/14
  2348 | D:3      | Found a blossoming altar of Fedhas.
  3487 | D:3      | Reached XP level 6. HP: 32/32 MP: 8/15
  3800 | D:4      | Reached skill level 5 in Spellcasting
  3923 | D:4      | Reached skill level 5 in Air Magic
  4188 | D:4      | Found a shimmering altar of Xom.
  4292 | D:4      | Reached XP level 7. HP: 36/36 MP: 14/17
  4404 | D:4      | Found a staircase to the Ecumenical Temple.
  4413 | Temple   | Entered the Ecumenical Temple
  4427 | Temple   | Became a worshipper of Sif Muna the Loreminder
  5033 | D:4      | Found a radiant altar of Vehumet.
  5320 | D:5      | Entered Level 5 of the Dungeon
  5320 | D:5      | Noticed Eustachio
  5323 | D:5      | Killed Eustachio
  5483 | D:5      | Found a broken altar of Ashenzari.
  5484 | D:5      | Noticed Dowan
  5492 | D:5      | Noticed Duvessa
  5500 | D:5      | Killed Dowan
  5505 | D:5      | Slain by Duvessa

Illustrated notes

Levels and vault maps discovered:
D:1:      minmay_arrival_arboretum_small, layout_rooms
D:2:      layout_basic, chequers_mini_garden, serial_bayou_lagoon_a
D:3:      layout_basic, lemuel_doored_altar
D:4:      layout_basic, overflow_temple_1_default, minmay_temple_entry_tees,
          led_xom_imps
D:5:      layout_rooms, demons_altar, cheibrodos_ashenzari_chains,
          nicolae_ossuary_entry_plus, chequers_avenue,
          hangedman_abyss_or_decor_stagger, uniq_pikel, uniq_duvessa,
          uniq_prince_ribbit1, uniq_sigmund, uniq_eustachio
Temple:   nicolae_temple_elliptical

Skill      XL: |  1  2  3  4  5  6  7 |
---------------+----------------------+-----
Air Magic      | 4 5 6 |  6.3
Stealth        | 3 |  3.7
Spellcasting   | 4 5 6 |  6.6
Conjurations   | 2 3 4 |  4.4
Dodging        | 3 |  3.0
Fighting       | |  0.1
Invocations    | |  0.9
Evocations     | |  0.9

Action                   |  1- 3 |  4- 6 |  7- 9 || total
-------------------------+-------+-------+-------++-------
Melee: Dagger            |     8 |       |     2 ||    10
 Cast: Shock             |    67 |   130 |    44 ||   241
       Swiftness         |       |     1 |     1 ||     2
       Airstrike         |       |       |     9 ||     9
  Use: Scroll            |       |    12 |     1 ||    13
       Potion            |       |       |     1 ||     1
Armor: Robe              |     6 |     6 |     1 ||    13
Dodge: Dodged            |    10 |    19 |    20 ||    49

Table legend: (Time is in decaauts)
 A = Elapsed time spent in this place.
 B = Non-inter-level travel time spent in this place.
 C = Inter-level travel time spent in this place.
 D = Time resting spent in this place.
 E = Time spent auto-exploring this place.
 F = Levels seen in this place.
 G = Mean time per level.
                   A        B        C        D        E       F      G
               +--------+--------+--------+--------+--------+-----+--------+
         Total |   5536 |   5459 |     77 |   2273 |   2142 |   6 |  922.7 |
       Dungeon |   5511 |   5434 |     77 |   2273 |   2136 |   5 | 1102.2 |
        Temple |     24 |     24 |      0 |      0 |      6 |   1 |   24.0 |
               +--------+--------+--------+--------+--------+-----+--------+

Top non-repeatable levels by time:
     D:4: 1600 daAuts
     D:3: 1480 daAuts
     D:2: 1310 daAuts
     D:1: 935 daAuts
     D:5: 184 daAuts
  Temple: 24 daAuts
